 Dungeon Crawl Stone Soup version 0.26.1-11-gd32895ea62 (webtiles) character file.

Game seed: 14000567703972778827

578 Almogavar the Cudgeller (level 7, 0/44 HPs)
             Began as a Gargoyle Fighter on July 8, 2021.
             Slain by Grinder (5 damage)
             ... on level 4 of the Dungeon.
             The game lasted 00:07:38 (3413 turns).

Almogavar the Cudgeller (Gargoyle Fighter)          Turns: 3413, Time: 00:07:38

Health: 0/44       AC: 14    Str: 21    XL:     7   Next: 35%
Magic:  7/7        EV:  8    Int:  9    God:
Gold:   131        SH:  9    Dex:  9    Spells: 6/6 levels left

rFire    . . .     SeeInvis .   a - +0 flail
rCold    . . .     Faith    .   c - +0 kite shield
rNeg     + . .     Spirit   .   b - +0 scale mail
rPois    ∞         Reflect  .   (no helmet)
rElec    +         Harm     .   j - +0 cloak
rCorr    .         Rampage  .   (no gloves)
Will     .....                  x - +0 pair of boots
Stlth    ..........             (no amulet)
HPRegen  0.14/turn              (no ring)
MPRegen  0.10/turn              (no ring)

@: mighty
A: negative energy resistance 1, electricity resistance, unbreathing,
petrification resistance, miasma immunity, AC +4
a: no special abilities


You were on level 4 of the Dungeon.
You visited 1 branch of the dungeon, and saw 4 of its levels.

You collected 131 gold pieces.

Inventory:

Hand Weapons
 a - a +0 flail (weapon)
Missiles
 i - 158 stones (quivered)
Armour
 b - a +0 scale mail (worn)
 c - a +0 kite shield (worn)
 j - a +0 cloak (worn)
 r - a +0 plate armour
 u - a +0 chain mail
 x - a +0 pair of boots (worn)
Scrolls
 e - a scroll of teleportation
 h - 3 scrolls of remove curse
 m - a scroll of immolation {unknown}
 q - a scroll of fear {unknown}
 w - a scroll of amnesia {unknown}
 z - a scroll of blinking {unknown}
Potions
 d - a potion of might
 f - a potion of lignification
 k - 2 potions of curing
 n - 2 potions of magic {unknown}
 o - a potion of cancellation {unknown}
 p - a potion of attraction {unknown}
 s - a potion of flight {unknown}
 t - a potion of berserk rage {unknown}
 v - a potion of resistance {unknown}


   Skills:
 + Level 4.3 Fighting
 + Level 5.4 Maces & Flails
 + Level 4.5 Armour
 + Level 1.6 Dodging
 + Level 5.0 Shields


You had 6 spell levels left.
You didn't know any spells.
Your spell library was empty.

Dungeon Overview and Level Annotations

Branches:
Dungeon (4/15)
 Temple: D:4-7

Altars:
Uskayaw
Yredelemnul

Annotations:
D:4 Grinder


Innate Abilities, Weirdness & Mutations

You are resistant to torment.
Your stone body is resilient. (AC +4)
You are immune to poison.
You resist negative energy. (rN+)
You are resistant to electric shocks. (rElec)
You can survive without breathing.
You are immune to petrification.
You are immune to miasma.


Message History

The quokka bites you but does no damage.
You barely miss Grinder.
Grinder is severely wounded.
The scorpion barely misses you. Grinder hits you.
* * * LOW HITPOINT WARNING * * *
You writhe in agony.
* * * LOW HITPOINT WARNING * * *
You block the quokka's attack.
You barely miss Grinder.
Grinder is severely wounded.
The scorpion barely misses you. The quokka barely misses you. Grinder hits you.
* * * LOW HITPOINT WARNING * * *
You block the scorpion's attack. Grinder completely misses you.
The quokka bites you but does no damage.
Unknown command.
You barely miss Grinder.
Grinder is severely wounded.
The quokka bites you but does no damage.
The scorpion barely misses you. Grinder hits you.
You die...

.#.#########.##############.#....
.#.# ###>........ ..#.... .#.#
#........... ####.... .#.#
#........... #.... .#.#
#........... +.... .#.#
###........... #.... .#
+......#+######## #....
#####............ #....
#..†r@5...... #.... #..†s.)......
#.... #..)......... #....
#............ #.... #............
#.... .............. #....
###............ +............
#.........


You could see Grinder, a scorpion and a quokka.

Vanquished Creatures
  An ogre (D:4)
  A bullfrog (D:3)
  2 scorpions (D:4)
  A bullfrog zombie (D:3)
  A hound (D:4)
  An orc priest (D:4)
  An orc wizard (D:4)
  A centaur skeleton (D:4)
  6 adders
  A white imp (D:3)
  2 oozes
  An adder skeleton (D:4)
  3 worms (D:2)
  4 dart slugs (D:1)
  A leopard gecko (D:2)
  9 orcs
  5 giant cockroaches
  8 goblins
  9 hobgoblins
  12 jackals
  3 quokkas
  10 bats
  5 frilled lizards
  8 kobolds
  A leopard gecko skeleton (D:2)
  4 rats
101 creatures vanquished.

Vanquished Creatures (others)
  11 plants (D:2)
11 creatures vanquished.

Grand Total: 112 creatures vanquished

Notes
Turn   | Place    | Note
-------+----------+-------------------------------------------
     0 | D:1      | Almogavar the Gargoyle Fighter began the quest for the Orb.
     0 | D:1      | Reached XP level 1. HP: 14/14 MP: 1/1
    93 | D:1      | Reached XP level 2. HP: 16/19 MP: 2/2
   368 | D:1      | Reached XP level 3. HP: 23/23 MP: 3/3
  1155 | D:2      | Reached XP level 4. HP: 29/29 MP: 4/4
  1535 | D:2      | Found a faded altar of an unknown god.
  1741 | D:3      | Found a basalt altar of Yredelemnul.
  1939 | D:3      | Reached XP level 5. HP: 26/33 MP: 5/5
  2348 | D:3      | Found a hide-covered altar of Uskayaw.
  2488 | D:3      | You fall into a shaft and drop 1 floor!
  2771 | D:3      | Reached skill level 1 in Dodging
  2771 | D:3      | Reached XP level 6. HP: 37/38 MP: 6/6
  3046 | D:4      | HP: 1/38 [orc priest/divine providence (10)]
  3378 | D:4      | Reached skill level 5 in Maces & Flails
  3379 | D:4      | Noticed Grinder
  3394 | D:4      | Reached XP level 7. HP: 20/43 MP: 7/7
  3406 | D:4      | Reached skill level 5 in Shields
  3413 | D:4      | Slain by Grinder

Illustrated notes

Levels and vault maps discovered:
D:1:      saegor_arrival_simple_a, layout_loops_ring, amethyst_killhole
D:2:      layout_loops_cross, chequers_ecumenical_altar_simple_redux,
          serial_bayou_lake_a
D:3:      layout_loops_ring, marbit_many_paths, nicolae_overflow_hidden_temple,
          minmay_bisected
D:4:      layout_basic, uniq_grinder

Skill      XL: |  1  2  3  4  5  6  7 |
---------------+----------------------+-----
Maces & Flails | 3 4 5 |  5.4
Shields        | 4 5 |  5.0
Armour         | 4 |  4.5
Fighting       | 4 |  4.3
Dodging        | 1 |  1.6

Action                   |  1- 3 |  4- 6 |  7- 9 || total
-------------------------+-------+-------+-------++-------
Melee: Flail             |   149 |   250 |    16 ||   415
  Use: Scroll            |     1 |     5 |       ||     6
       Potion            |       |     3 |       ||     3
Armor: Scale mail        |    87 |   171 |    24 ||   282
Dodge: Dodged            |    39 |    83 |    20 ||   142
Block: Kite shield       |    83 |   142 |    22 ||   247
